 Dungeon Crawl Stone Soup version 0.30-a0-953-g5f1da4a474 (webtiles) character file.

Game seed: 3330320440923089774

11284 Jackthecabe the Unseen (level 11, -2/60 HPs)
             Began as a Vine Stalker Brigand on Mar 28, 2023.
             Was an Elder of Wu Jian.
             Slain by an orc knight
             ... wielding a +0 war axe
              (7 damage)
             ... in a bailey.
             The game lasted 00:30:53 (9031 turns).

Jackthecabe the Unseen (Vine Stalker Brigand)       Turns: 9031, Time: 00:30:55

Health: -2/60      AC:  6    Str: 14    XL:     11   Next: 75%
Magic:  0/12       EV: 11    Int: 11    God:    Wu Jian [****..]
Gold:   644        SH:  0    Dex: 27    Spells: 10/10 levels left

rFire   . . .      SeeInvis +    n - +2 dagger (venom)
rCold   x . .      Faith    .    (no shield)
rNeg    . . .      Spirit   +    v - +1 leather armour of the Cockroach {rElec rC- Dex+7 SInv}
rPois   .          Reflect  .    (no helmet)
rElec   +          Rampage  .    c - +0 cloak
rCorr   .                        (no gloves)
Will    +....                    r - +0 pair of boots
Stlth   +++++++                  (no amulet)
HPRegen 1.10/turn                (no ring)
MPRegen 0.13/turn                (no ring)

@: no status effects
A: fangs 3, regeneration 1, magic shield, antimagic bite, no potion heal 2
a: Renounce Religion, Wall Jump, Serpent's Lash


You were in a bailey.
You worshipped Wu Jian.
Wu Jian was greatly pleased with you.
You visited 2 branches of the dungeon, and saw 11 of its levels.
You also visited: Sewer and Bailey.

You collected 798 gold pieces.
You spent 154 gold pieces at shops.


Innate Abilities, Weirdness & Mutations

You have razor-sharp teeth.
Your natural rate of healing is unusually fast.
When hurt, damage is shared between your health and your magic reserves.
Your bite disrupts and absorbs the magic of your enemies.
Potions cannot restore your health.


   Skills:
 - Level 8.0 Fighting
 + Level 9.1 Short Blades
 - Level 1.7 Throwing
 - Level 0.7 Dodging
 - Level 16.0 Stealth
 + Level 3.5 Shields
 - Level 3.0 Evocations


You had 10 spell levels left.
You didn't know any spells.
Your spell library contained the following spells:

 Spells                   Type           Power      Damage    Failure   Level
 Sandblast                Erth           0%         2d4       41%         1
 Passwall                 Tmut/Erth      0%         N/A       56%         2
 Hailstorm                Conj/Ice       0%         3d3       80%         3
 Stone Arrow              Conj/Erth      0%         3d7       80%         3
 Ice Form                 Ice/Tmut       0%         N/A       99%         4
 Simulacrum               Ice/Necr       0%         N/A       100%        6

Inventory:

Hand Weapons
 a - a +2 dagger of protection
 n - a +2 dagger of venom (weapon)
 M - a +2 antimagic shortbow
Missiles
 d - 38 poisoned darts (quivered)
 e - a curare-tipped dart {=f}
Armour
 c - a +0 cloak (worn)
 g - a +2 ring mail of willpower
 i - the +2 ring mail of the Maze {Str+6}
   (You found it on level 6 of the Dungeon)

   Str:       It affects your strength (+6).
 r - a +0 pair of boots (worn)
 v - the +1 leather armour of the Cockroach (worn) {rElec rC- Dex+7 SInv}
   (You found it on level 3 of the Dungeon)

   Dex:       It affects your dexterity (+7).
   rC:        It makes you vulnerable to cold.
   rElec:     It insulates you from electricity.
   SInv:      It lets you see invisible.
 y - a +0 helmet
 Q - a +0 buckler
 R - an orb of light
Magical Staves
 q - a staff of fire {!a}
Jewellery
 C - a ring of ice
 F - a ring of fire
Wands
 b - a wand of charming (13)
 E - a wand of roots (21)
 I - a wand of polymorph (14)
 L - a wand of digging (4)
 O - a wand of mindburst (17)
Scrolls
 h - 3 scrolls of fog
 j - a scroll of blinking
 k - 2 scrolls of brand weapon
 m - 2 scrolls of enchant weapon
 o - 3 scrolls of torment
 p - 9 scrolls of teleportation {@r2}
 s - 3 scrolls of magic mapping
 u - a scroll of amnesia
 w - a scroll of poison
 J - 2 scrolls of fear
 K - a scroll of butterflies
 N - a scroll of silence {unknown}
Potions
 f - 10 potions of curing {@q1}
 l - a potion of brilliance {unknown}
 t - 3 potions of attraction {unknown}
 x - 2 potions of magic
 z - 2 potions of berserk rage {!q}
 A - a potion of haste {@q3}
 B - 2 potions of flight
 H - 2 potions of lignification
 P - 2 potions of ambrosia

Dungeon Overview and Level Annotations

Branches:
Dungeon (10/15)            Temple (1/1) D:5            Lair (0/5) D:10
  Sewer (visited)          Bailey (1/1)
    Orc: D:9-12

Altars:
Ashenzari
Cheibriados
Dithmenos
Elyvilon
Fedhas
Gozag
Hepliaklqana
Kikubaaqudgha
Makhleb
Nemelex Xobeh
Okawaru
Qazlal
Ru
Sif Muna
Trog
Uskayaw
Vehumet
Wu Jian
Xom
Yredelemnul
Zin
The Shining One

Shops:
D:4 !   D:8 :

Annotations:
D:3 1 runed translucent door, Crazy Yiuf, Robin
D:5 2 transporters, xian's ghost, novice DsRe

▒≈≈≈≈≈# ▒▒▒≈≈≈≈≈#
▒.~≈≈≈≈≈#
▒.~≈≈≈≈.######
▒▒▒▒++▒.~≈≈≈≈......#
▒.....▒.~≈≈≈≈......###
▒....)'..............#
▒..⌠.)'..........∩..∩#
▒..(.)((....o@.......#
▒.....▒)~≈≈≈≈......###
▒▒▒▒▒''▒)~≈≈≈≈......#
▒......▒.~≈≈≈≈.######
▒......▒.~≈≈≈≈≈#
▒▒▒.).▒▒▒▒▒▒≈≈≈≈≈#
8.8(8.▒ ▒≈≈≈≈≈#
..(...▒ ▒≈≈≈≈≈#
▒▒▒▒▒▒▒ ▒≈≈≈≈≈#


You could see an orc knight (very poisoned).


Message History

You closely miss the orc knight.
You bite the orc knight, but do no damage.
The orc knight is severely wounded.
You closely miss the orc knight.
The orc knight is almost dead.
The orc knight is no longer moving slowly.
The orc knight hits you with a +0 war axe!
* * * LOW HITPOINT WARNING * * *
The orc knight attacks as you move away!
The orc knight barely misses you.
The orc knight attacks as you move away!
The orc knight hits you with a +0 war axe.
* * * LOW HITPOINT WARNING * * *
The orc knight attacks as you move away!
The orc knight hits you with a +0 war axe!
* * * LOW HITPOINT WARNING * * *
Throw: 2 throwing nets {=f}
Press: ? - help, Shift-Dir - straight line, f/p - orc knight
Aim: an orc knight, wielding a +0 war axe and wearing a +0 chain mail (almost dead, extremely poisoned, 66% to hit)
You throw a throwing net {=f}.
The throwing net {=f} completely misses the orc knight.
The orc knight hits you with a +0 war axe.
* * * LOW HITPOINT WARNING * * *
Throw: throwing net {=f}
Press: ? - help, Shift-Dir - straight line, f/p - orc knight
Aim: an orc knight, wielding a +0 war axe and wearing a +0 chain mail (almost dead, extremely poisoned, 66% to hit)
You throw a throwing net {=f}.
The throwing net {=f} closely misses the orc knight.
The orc knight hits you with a +0 war axe!
You die...

Skill      XL: |  1  2  3  4  5  6  7  8  9 10 11 |
---------------+----------------------------------+-----
Short Blades   | 2 3 4 6 7 8 9 |  9.1
Stealth        | 5 6 7 8 10 12 14 16 | 16.0
Fighting       | 2 6 8 |  8.0
Evocations     | 3 |  3.0
Shields        | 3 |  3.5
Throwing       | |  1.7
Dodging        | |  0.7

Action                     |  1- 3 |  4- 6 |  7- 9 | 10-12 || total
---------------------------+-------+-------+-------+-------++-------
  Melee: Dagger            |   106 |   116 |   336 |   516 ||  1074
         Bite              |    25 |    37 |   114 |   192 ||   368
         Punch             |     2 |       |     8 |     7 ||    17
  Throw: Dart              |       |    15 |       |    11 ||    26
         Throwing net      |       |       |       |     4 ||     4
Ability: Lunge             |       |       |    20 |    28 ||    48
         Whirlwind         |       |       |     8 |    34 ||    42
         Wall Jump         |       |       |       |     3 ||     3
  Evoke: Wand              |       |       |       |     1 ||     1
    Use: Potion            |     1 |       |       |       ||     1
         Scroll            |       |       |     7 |    10 ||    17
   Stab: Sleeping          |     5 |     6 |    20 |    14 ||    45
         Distracted        |       |       |     1 |     1 ||     2
 Armour: Robe              |    10 |       |       |       ||    10
         Ring mail         |    34 |    25 |    62 |   101 ||   222
         Leather armour    |       |     8 |    32 |    21 ||    61
  Dodge: Dodged            |    48 |    43 |   105 |   190 ||   386

Levels and vault maps discovered:
D:1:      saegor_arrival_miasma, layout_rooms, st_stairs_11, moated_statue,
          skrybe_limestone_x
D:2:      layout_loops_cross, basic_altar
D:3:      layout_rooms, serial_glass, glass_columns_a, glass_columns_b,
          glass_columns_c, glass_columns_b, glass_columns_a, st_stairs_3,
          supply_closet_lemuel, kennysheep_cross_room, minmay_curled_crystal,
          uniq_robin, uniq_crazy_yiuf_cottage, uniq_pargi, uniq_terence
D:4:      layout_basic, serial_shops, shop_statue, portal_sewer_entry_d,
          uniq_pikel
D:5:      layout_loops_ring, minmay_temple_entry_nine_rooms,
          gammafunk_ghost_hive, kennysheep_small_spiral
D:6:      kennysheep_housing_project, layout_rooms
D:7:      layout_rooms, mainiacjoe_overflow_divided_tiny, uniq_menkaure
D:8:      layout_cave_pools, lemuel_zombie_altar_kikubaaqudgha, serial_shops,
          nicolae_lakefront_shop, uniq_maurice, uniq_prince_ribbit1
D:9:      layout_stronghold, minitemple, kennysheep_pointless_box, uniq_harold
D:10:     layout_irregular_city, erik_lair_island, enter_bailey_2, uniq_amaemon,
          uniq_maggie
Temple:   sentei_temple_godly_chess
Bailey:   bailey_axe_of_yendor_kennysheep, bailey

Notes
Turn   | Place    | Note
-------+----------+-------------------------------------------
     0 | D:1      | Jackthecabe the Vine Stalker Brigand began the quest for
                  | the Orb.
     0 | D:1      | Reached XP level 1. HP: 11/11 MP: 2/2
    59 | D:1      | Reached skill level 2 in Short Blades
    66 | D:1      | Reached skill level 5 in Stealth
    70 | D:1      | Reached XP level 2. HP: 7/15 MP: 1/3
   301 | D:1      | Reached XP level 3. HP: 18/18 MP: 4/4
   431 | D:1      | Reached skill level 3 in Short Blades
   710 | D:2      | Found a broken altar of Ashenzari.
  1001 | D:2      | Gained mutation: Your natural rate of healing is unusually
                  | fast. [Vine Stalker growth]
  1001 | D:2      | Reached XP level 4. HP: 23/23 MP: 5/5
  1131 | D:3      | Noticed Robin
  1437 | D:3      | Noticed Terence
  1464 | D:3      | Killed Terence
  1513 | D:3      | Noticed Pargi
  1529 | D:3      | Killed Pargi
  1530 | D:3      | Reached skill level 4 in Short Blades
  1530 | D:3      | Reached skill level 6 in Stealth
  1530 | D:3      | Reached XP level 5. HP: 26/26 MP: 6/6
  1600 | D:3      | Identified the +1 leather armour of the Cockroach {rElec
                  | rC- Dex+7 SInv}
  1835 | D:3      | Found a runed translucent door.
  1836 | D:3      | Noticed Crazy Yiuf
  2059 | D:4      | Reached XP level 6. HP: 30/30 MP: 5/7
  2146 | D:4      | Noticed Pikel
  2163 | D:4      | Killed Pikel
  2164 | D:4      | Reached skill level 6 in Short Blades
  2164 | D:4      | Reached skill level 7 in Stealth
  2164 | D:4      | Reached XP level 7. HP: 17/34 MP: 8/8
  2344 | D:4      | Found a glowing drain.
  2354 | Sewer    | Entered a sewer
  2397 | Sewer    | Reached skill level 8 in Stealth
  2635 | D:4      | Found Orcholakk's Distillery.
  2870 | D:4      | Bought a potion of haste for 110 gold pieces
  2870 | D:4      | Bought a potion of flight for 33 gold pieces
  2870 | D:4      | Bought a potion of degeneration for 11 gold pieces
  3321 | D:5      | Entered Level 5 of the Dungeon
  3377 | D:5      | Found a transporter.
  3379 | D:5      | Found a transporter.
  3379 | D:5      | Noticed xian's ghost (novice DsRe)
  3466 | D:5      | Reached skill level 7 in Short Blades
  3466 | D:5      | Gained mutation: You have razor-sharp teeth. [Vine Stalker
                  | growth]
  3466 | D:5      | Reached XP level 8. HP: 23/38 MP: 4/9
  3964 | D:5      | Reached skill level 9 in Stealth
  4120 | D:5      | Found a staircase to the Ecumenical Temple.
  4136 | Temple   | Entered the Ecumenical Temple
  4148 | Temple   | Became a worshipper of the Wu Jian Council
  4273 | D:6      | Noticed a yak
  4273 | D:6      | Noticed a yak
  4273 | D:6      | Noticed a yak
  4273 | D:6      | Noticed a yak
  4273 | D:6      | Noticed a yak
  4273 | D:6      | Noticed a yak
  4285 | D:5      | Killed a yak
  4286 | D:5      | Reached skill level 8 in Short Blades
  4366 | D:5      | Reached skill level 2 in Fighting
  4384 | D:5      | Reached skill level 10 in Stealth
  4444 | D:6      | Reached XP level 9. HP: 43/43 MP: 10/10
  4450 | D:6      | Reached skill level 3 in Fighting
  4624 | D:6      | Reached skill level 4 in Fighting
  4633 | D:6      | Reached skill level 11 in Stealth
  4679 | D:5      | Reached skill level 5 in Fighting
  4983 | D:6      | Reached skill level 12 in Stealth
  5008 | D:6      | Reached * piety under Wu Jian
  5013 | D:6      | Identified the +2 ring mail of the Maze {Str+6}
  5042 | D:6      | Reached skill level 6 in Fighting
  5112 | D:6      | Reached XP level 10. HP: 39/53 MP: 7/11
  5328 | D:6      | Reached skill level 7 in Fighting
  5548 | D:7      | Reached ** piety under Wu Jian
  5722 | D:7      | Found a sacrificial altar of Ru.
  5722 | D:7      | Found a sparkling altar of Nemelex Xobeh.
  6033 | D:7      | Noticed Menkaure
  6110 | D:7      | Killed Menkaure
  6165 | D:8      | Noticed Maurice
  6170 | D:8      | Killed Maurice
  6171 | D:8      | Reached skill level 8 in Fighting
  6245 | D:8      | Noticed Prince Ribbit
  6250 | D:8      | Killed Prince Ribbit
  6251 | D:8      | Reached skill level 1 in Evocations
  6362 | D:8      | Found Nouleos's Book Emporium.
  6454 | D:8      | Reached skill level 2 in Evocations
  6464 | D:8      | Reached skill level 13 in Stealth
  6505 | D:7      | Reached skill level 3 in Evocations
  6725 | D:7      | Reached skill level 14 in Stealth
  6738 | D:7      | Reached XP level 11. HP: 28/60 MP: 9/12
  6773 | D:8      | Reached *** piety under Wu Jian
  6916 | D:8      | Found an ancient bone altar of Kikubaaqudgha.
  7180 | D:9      | Reached skill level 15 in Stealth
  7345 | D:9      | Noticed Harold
  7347 | D:9      | Killed Harold
  7417 | D:9      | Reached skill level 16 in Stealth
  7918 | D:9      | Reached skill level 1 in Shields
  7954 | D:9      | Found a stormy altar of Qazlal.
  7957 | D:9      | Found a snail-covered altar of Cheibriados.
  8209 | D:10     | Entered Level 10 of the Dungeon
  8250 | D:10     | Found a staircase to the Lair.
  8255 | D:10     | Noticed Maggie
  8466 | D:10     | Reached skill level 2 in Shields
  8788 | D:10     | Killed Maggie
  8788 | D:10     | Reached **** piety under Wu Jian
  8816 | D:10     | Found a flagged portal.
  8825 | Bailey   | Entered a bailey
  8894 | Bailey   | Noticed an orc knight
  8932 | Bailey   | Killed an orc knight
  8933 | Bailey   | Reached skill level 9 in Short Blades
  8933 | Bailey   | Reached skill level 3 in Shields
  8988 | Bailey   | Noticed an orc knight
  9030 | Bailey   | HP: 4/60 [orc knight/+0 war axe (5)]
  9031 | Bailey   | Slain by an orc knight

Vanquished Creatures
  Harold (D:9)
  An orc knight (Bailey)
  Pikel (D:4)
  Maurice (D:8)
  Maggie (D:10)
  Prince Ribbit (D:8)
  A hornet (D:7)
  A troll (D:10)
  3 wyverns
  23 yaks
  A steam dragon (D:6)
  Menkaure (D:7)
  An acid dragon (D:9)
  A water moccasin (Sewer)
  An ice beast (D:5)
  3 orc warriors (Bailey)
  A sky beast (D:8)
  Pargi (D:3)
  5 ogres
  A black bear (D:6)
  5 centaurs
  2 wolves
  2 phantoms (D:5)
  A lemure (D:4)
  5 kobold brigands
  A scorpion (D:5)
  2 gnoll sergeants
  3 wights (D:9)
  10 killer bees
  7 howler monkeys
  4 electric eels
  4 gnoll boudas
  2 jellies
  3 iguanas
  5 hounds
  2 orc priests
  3 sleepcaps
  Terence (D:3)
  2 orc wizards
  26 gnolls
  5 adders
  A white imp (D:5)
  3 dart slugs
  22 orcs
  12 bats
  2 bat zombies (D:8)
  7 endoplasms
  A giant cockroach (D:2)
  9 goblins
  24 hobgoblins
  9 jackals
  2 quokkas
  5 ball pythons
  5 frilled lizards
  30 kobolds
  3 rats
  3 rat zombies (D:8)
283 creatures vanquished.

Vanquished Creatures (others)
  A hound (D:6)
  A fungus (D:3)
2 creatures vanquished.

Grand Total: 285 creatures vanquished

Table legend: (Time is in decaauts)
 A = Elapsed time spent in this place.
 B = Non-inter-level travel time spent in this place.
 C = Inter-level travel time spent in this place.
 D = Time resting spent in this place.
 E = Time spent auto-exploring this place.
 F = Levels seen in this place.
 G = Mean time per level.
                   A        B        C        D        E       F      G
               +--------+--------+--------+--------+--------+-----+--------+
         Total |   8751 |   8345 |    406 |    341 |   5176 |  13 |  673.2 |
       Dungeon |   8473 |   8067 |    406 |    312 |   5147 |  10 |  847.3 |
        Temple |     18 |     18 |      0 |      0 |      0 |   1 |   18.0 |
         Sewer |     77 |     77 |      0 |      0 |     10 |   1 |   77.0 |
        Bailey |    181 |    181 |      0 |     29 |     19 |   1 |  181.0 |
               +--------+--------+--------+--------+--------+-----+--------+

Top non-repeatable levels by time:
     D:4: 1361 daAuts
     D:9: 1183 daAuts
     D:5: 1050 daAuts
     D:6: 1034 daAuts
     D:7: 870 daAuts
     D:3: 721 daAuts
     D:8: 645 daAuts
     D:1: 582 daAuts
     D:2: 533 daAuts
    D:10: 492 daAuts
  Bailey: 181 daAuts
   Sewer: 77 daAuts
  Temple: 18 daAuts

Table legend:
 A = Non-vault XP
 B = Vault XP
 C = Vault XP percentage of total XP
 D = Non-vault monster count
 E = Vault monster count
 F = Vault count percentage of total count
                 A         B        C        D         E       F
            +---------+---------+-------+---------+---------+-------
      Total |   10300 |    5821 |  36.1 |     202 |      81 |  28.6
            +---------+---------+-------+---------+---------+-------
        D:1 |      49 |       5 |   9.3 |      25 |       3 |  10.7
        D:2 |      38 |       0 |   0.0 |      18 |       0 |   0.0
        D:3 |      18 |     175 |  90.7 |       9 |       9 |  50.0
        D:4 |      81 |     606 |  88.2 |      14 |       2 |  12.5
        D:5 |    1406 |       0 |   0.0 |      33 |       0 |   0.0
        D:6 |    1585 |     905 |  36.3 |      21 |      30 |  58.8
        D:7 |    2153 |     172 |   7.4 |      27 |       1 |   3.6
        D:8 |    1491 |     741 |  33.2 |      18 |       7 |  28.0
        D:9 |    2827 |    1019 |  26.5 |      31 |       3 |   8.8
       D:10 |     652 |     819 |  55.7 |       6 |       4 |  40.0
      Sewer |       0 |     161 | 100.0 |       0 |       7 | 100.0
     Bailey |       0 |    1218 | 100.0 |       0 |      15 | 100.0
            +---------+---------+-------+---------+---------+-------
